Unix NetHack Version 5.0.0-0 post-release - last build May 23 2026 06:08:33 (1c0ff79ee797540d5714e4e18072db0edd9e58ae,branch:main).

Game began 2026-05-23 20:49:32, ended 2026-05-23 21:15:48.

Jobair, neutral female human Tourist

            ----------------                                   ---------
            |..............|                                ###..<.....|
            |..............|                               ##  |..@....|
            |..............|                               #  #........|
            |...............#####-------------      ###########---------
            -------.---+--|-    #|...........|#######------#
                   ### ####     #|...........|#     #|>...|#
                   ######       #|...-----...+#     #|.....#
                ####  ####      #|...|.{.|...|#     #|....|
                #   ######      #|...|{.{....|#     #|....|             -----
         -------.---.----##     #|...|.{.|...|#    ##|....|           ##|...|
         |..............| ###   #|...-----...|#   ## ------           # |...|
         |..............+#####  #|...........|#####################   # |...|
         |..............|  ######|............# ########################|...|
         |..............|   ## ##-------------#            ##########   |...|
         ----------------    ###############################        ####+...|
                                                                        -----

Jobair the Sightseer        St:11 Dx:8 Co:18 In:14 Wi:8 Ch:18  Neutral
Dlvl:6  $:976 HP:34(40) Pw:16(16) AC:8  Xp:4 T:2271 

Latest messages:
 Unlock it with your credit card? [ynq] (q) y
 You hear the splashing of a naiad.
 You succeed in picking the lock.
 R - a fizzy potion.
 You attack thin air.
 You stop.  Godzilla is in the way!
 You hear water falling on coins.
 With great effort you move the boulder.
 You try to move the boulder, but in vain.
 You try to move the boulder, but in vain.
 You swap places with Godzilla.
 Drink from the fountain? [yn] (n) y
 The cool draught refreshes you.
 Drink from the fountain? [yn] (n) y
 The cool draught refreshes you.
 Drink from the fountain? [yn] (n) y
 The cool draught refreshes you.
 Drink from the fountain? [yn] (n) y
 This tepid water is tasteless.
 The fountain dries up!
 You see here 9 gold pieces.
 $ - 9 gold pieces (973 in total).
 You stop.  Godzilla is in the way!
 The door opens.
 The gecko bites!
 The gecko bites!
 You hit the gecko.
 The gecko bites!
 You miss the gecko.
 You miss the gecko.
 The gecko bites!
 You hit the gecko.
 You miss the gecko.
 The gecko bites!
 You kill the gecko!
 You see here 3 gold pieces.
 $ - 3 gold pieces (976 in total).
 You hit the rock piercer.
 You descend the stairs.
 You see here a tin opener.
 S - a tin opener.
 What do you want to read?
 As you read the scroll, it disappears.
 A map coalesces in your mind!
 Really quit without saving? [yn] (n) y
 Do you want your possessions identified? [ynq] (y) y
 Do you want to see your attributes? [ynq] (y) y
 Do you want an account of creatures vanquished? [ynaq] (y) y
 Do you want to see your conduct and achievements? [ynq] (y) y
 Do you want to see the dungeon overview? [ynq] (y) y

Inventory:
 Coins    ('$')
  $ - 976 gold pieces
 Weapons  (')')
  s - 2 blessed +1 darts
  Q - 5 blessed +1 darts (at the ready)
  a - 16 +2 darts
  r - a +0 dart
 Armor    ('[')
  D - an uncursed +0 pair of high boots (being worn)
 Comestibles  ('%')
  h - 2 uncursed food rations
 Scrolls  ('?')
  j - 2 uncursed scrolls of magic mapping
 Potions  ('!')
  i - 2 blessed potions of extra healing
  z - an uncursed potion of extra healing
  R - an uncursed potion of oil
 Tools    ('(')
  m - an uncursed credit card
  l - an expensive camera (0:90)
  O - an uncursed oil lamp (lit)
  S - an uncursed tin opener

Jobair the Tourist's attributes:

Background:
 You were a Sightseer, a level 4 female human Tourist.
 You were neutral, on a mission for The Lady
 who was opposed by Blind Io (lawful) and Offler (chaotic).
 You were right-handed.
 You were in the Dungeons of Doom, on level 6.
 You entered the dungeon 2271 turns ago.
 You had 100 experience points, 60 more were needed to attain level 5.

Basics:
 You had 34 out of 40 hit points.
 You had all 16 energy points (spell power).
 Your armor class was 8.
 Your wallet contained 976 zorkmids.
 Autopickup was off.

Final Characteristics:
 Your strength was 11 (limit:18/100).
 Your dexterity was 8 (limit:18).
 Your constitution was 18 (limit:18).
 Your intelligence was 14 (limit:18).
 Your wisdom was 8 (limit:18).
 Your charisma was 18 (limit:18).

Final Status:
 You weren't hungry.
 You were unencumbered.
 You were bare handed.
 You were unskilled in bare handed combat.

Final Attributes:
 You were devoutly aligned.
 You were poison resistant.
 You survived.

Miscellaneous:
 You encountered 1 bones level.
 Total elapsed playing time was 26 minutes and 15 seconds.

Major events:
 Turn
    1: Jobair the neutral female human Tourist entered the dungeon
 1469: attained the rank of Sightseer (level 3)
 2271: quit

You didn't know any spells.

Skills:
 Fighting Skills
   bare handed combat [Unskilled]
   two weapon combat  [Unskilled]
   riding             [Unskilled]
 Weapon Skills
   dagger             [Unskilled]
   knife              [Unskilled]
   axe                [Unskilled]
   pick-axe           [Unskilled]
   short sword        [Unskilled]
   broadsword         [Unskilled]
   long sword         [Unskilled]
   two-handed sword   [Unskilled]
   saber              [Unskilled]
   mace               [Unskilled]
   morning star       [Unskilled]
   flail              [Unskilled]
   hammer             [Unskilled]
   quarterstaff       [Unskilled]
   polearms           [Unskilled]
   spear              [Unskilled]
   trident            [Unskilled]
   lance              [Unskilled]
   bow                [Unskilled]
   sling              [Unskilled]
   crossbow           [Unskilled]
   dart               [Basic]
   shuriken           [Unskilled]
   boomerang          [Unskilled]
   whip               [Unskilled]
   unicorn horn       [Unskilled]
 Spellcasting Skills
   divination spells  [Unskilled]
   enchantment spells [Unskilled]
   escape spells      [Unskilled]

Voluntary challenges:
 Character rerolling was not enabled.
 You never hit with a wielded weapon.
 You never genocided any monsters.
 You never polymorphed an object.
 You never changed form.
 You used no wishes.
Achievements:
 You entered a shop.
 You attained the rank of Sightseer.

 The Dungeons of Doom: levels 1 to 6
    Level 1:
       An altar.
    Level 2:
       A weapon shop, an altar to The Lady, a fountain.
    Level 3:
       A scroll shop.
    Level 4:
       A fountain, a sink.
       Final resting place for
          magnolian-Val-Hum-Fem-Law, killed by a gas spore's explosion.
    Level 5:
    Level 6: <- You were here.
       Many fountains.
       Oracle of Delphi.


Vanquished creatures:
  a rothe
  a werejackal
  2 iguanas
  2 gas spores
  a cave spider
  a gecko
  2 jackals
  a kobold
  4 goblins
  4 grid bugs
  3 lichens
  2 kobold zombies
  3 newts
27 creatures vanquished.

No species were genocided or became extinct.

Aloha Jobair the Tourist...

You quit in The Dungeons of Doom on dungeon level 6 with 733 points,
and 976 pieces of gold, after 2271 moves.
You were level 4 with a maximum of 40 hit points when you quit.

